 Dungeon Crawl Stone Soup version 0.24-a0-769-g368c1644f8 (webtiles) character file.

Game seed: 8374278939233645066, levelgen mode: deterministic

101 Arixos the Magician (level 4, -2/24 HPs)
             Began as a Deep Elf Wizard on Oct 4, 2019.
             Slain by a worm (7 damage)
             ... on level 1 of the Dungeon.
             The game lasted 00:14:07 (2677 turns).

Arixos the Magician (Deep Elf Wizard)               Turns: 2677, Time: 00:14:08

Health: -2/24      AC:  3    Str:  4    XL:     4   Next: 48%
Magic:  0/13       EV: 12    Int: 24    God:
Gold:   96         SH:  0    Dex: 13    Spells: 4/13 levels left

rFire    . . .     SeeInvis .   (no weapon)
rCold    + . .     Gourm    .   (no shield)
rNeg     . . .     Faith    .   n - +0 leather armour {rC+}
rPois    .         Spirit   .   b - +0 hat
rElec    .         Reflect  .   (no cloak)
rCorr    .         Harm     .   (no gloves)
MR       .....                  (no boots)
Stlth    ++........             (no amulet)
HPRegen  0.08/turn              (no ring)
MPRegen  0.13/turn              (no ring)

@: very slightly contaminated
A: no striking features
a: no special abilities


You were on level 1 of the Dungeon.
You were not hungry.

You visited 1 branch of the dungeon, and saw 3 of its levels.

You collected 96 gold pieces.

Inventory:

Armour
 b - a +0 hat (worn)
 n - a +0 leather armour of cold resistance (worn)
Scrolls
 c - 2 scrolls of teleportation {unknown}
 e - a scroll of fear {unknown}
 f - a scroll of amnesia {unknown}
 j - 3 scrolls of identify {unknown}
 k - a scroll of blinking {unknown}
Potions
 a - 2 potions of mutation {unknown}
 g - a potion of heal wounds {unknown}
 h - 2 potions of curing {unknown}
 i - 2 potions of lignification {unknown}
 l - a potion of agility {unknown}
 m - 2 potions of resistance {unknown}
Comestibles
 d - 2 rations


   Skills:
 + Level 3.4 Dodging
 - Level 2.4 Stealth
 + Level 5.2 Spellcasting
 + Level 2.5 Conjurations
   Level 1.1 Summonings
 + Level 2.0 Translocations
 + Level 0.4 Fire Magic
 + Level 0.6 Air Magic
 + Level 0.3 Poison Magic


You had 4 spell levels left.
You knew the following spells:

 Your Spells              Type           Power        Failure   Level  Hunger
a - Magic Dart            Conj           ###.         5%          1    None
c - Mephitic Cloud        Conj/Pois/Air  ##......     28%         3    ##.....
e - Blink                 Tloc           N/A          10%         2    None
f - Conjure Flame         Conj/Fire      ##......     26%         3    ##.....

Your spell library contained the following spells:

 Spells                   Type           Power        Failure   Level  Hunger
 Call Imp                 Summ           ##......     16%         2    None
 Slow                     Hex            #.......     24%         2    None


Dungeon Overview and Level Annotations

Branches:
Dungeon (3/15)

Altars:


Message History

The worm is moderately wounded.
The worm barely misses you.
Casting: Magic Dart (safe; 5% risk of failure)
Confirm with . or Enter, or press ? or * to list all spells.
You miscast Blink.
You are very lightly contaminated with residual magic.
Strange energies run through your body.
You hit the worm but do no damage.
The worm is moderately wounded.
The worm bites you.
You hit the worm.
The worm is moderately wounded.
The worm bites you.
* * * LOW HITPOINT WARNING * * *
You barely miss the worm.
The worm is moderately wounded.
You hit the worm but do no damage.
The worm is moderately wounded.
The worm bites you!
You die...

#.##.....'.[..
#.##.....#.#.#
#.##.....#....
#.######.##.##
#.# #.##...
#.# #.#####
#.# #.# ###
#######.# #.#
#.. #.w@..#.#
#.###..
####†#####.#
#...'..
#........#.#
#####..
#........#.#
#..
#........#.#
###..
#........#.#
######....
######...#.#
#..>.#.###
#...#.#
#.##.#.# #
#.>.#.#
#.##.#.# #


You could see a worm.

Vanquished Creatures
  4 adders
  An ooze (D:3)
  2 worms
  2 leopard geckos (D:1)
  2 orcs (D:3)
  3 ball pythons
  4 giant cockroaches
  6 hobgoblins
  2 jackals (D:1)
  2 quokkas
  2 bats (D:1)
  A frilled lizard (D:3)
  7 goblins
  5 kobolds
  8 rats
51 creatures vanquished.

Notes
Turn   | Place    | Note
-------+----------+-------------------------------------------
     0 | D:1      | Arixos the Deep Elf Wizard began the quest for the Orb.
     0 | D:1      | Reached XP level 1. HP: 10/10 MP: 7/7
   154 | D:1      | Reached XP level 2. HP: 15/15 MP: 3/9
   359 | D:1      | Learned a level 2 spell: Blink
   929 | D:2      | Reached XP level 3. HP: 19/19 MP: 4/11
   934 | D:2      | Learned a level 3 spell: Conjure Flame
   938 | D:2      | Learned a level 3 spell: Mephitic Cloud
  1006 | D:2      | Reached skill level 5 in Spellcasting
  1879 | D:3      | Reached XP level 4. HP: 24/24 MP: 5/13
  2357 | D:3      | Noticed a phantom
  2677 | D:1      | Slain by a worm

Levels and vault maps discovered:
D:1:      dpeg_arrival_court, layout_basic
D:2:      layout_basic, kennysheep_cluttered_room
D:3:      layout_loops_ring, gammafunk_temple_overflow_statue, first_ration,
          ebering_ghost_reflecting_pool, serial_bayou_lagoon_a

Skill      XL: |  1  2  3  4 |
---------------+-------------+-----
Dodging        | 3 |  3.4
Conjurations   | 2 |  2.5
Spellcasting   | 5 |  5.2
Translocations | 2 |  2.0
Stealth        | |  2.4
Summonings     | |  1.1
Fire Magic     | |  0.4
Air Magic      | |  0.6
Poison Magic   | |  0.3

Action                   |  1- 3 |  4- 6 || total
-------------------------+-------+-------++-------
Melee: Unarmed           |       |    18 ||    18
 Cast: Magic Dart        |    78 |    54 ||   132
       Blink             |     2 |     9 ||    11
       Conjure Flame     |       |     1 ||     1
  Eat: Chunk             |     2 |     3 ||     5
Armor: Leather armour    |       |     7 ||     7
Dodge: Dodged            |     6 |    27 ||    33

Table legend:
 A = Non-vault XP
 B = Vault XP
 C = Vault XP percentage of total XP
 D = Non-vault monster count
 E = Vault monster count
 F = Vault count percentage of total count
                 A         B        C        D         E       F
            +---------+---------+-------+---------+---------+-------
      Total |     145 |       0 |   0.0 |      51 |       0 |   0.0
            +---------+---------+-------+---------+---------+-------
        D:1 |      35 |       0 |   0.0 |      19 |       0 |   0.0
        D:2 |      62 |       0 |   0.0 |      16 |       0 |   0.0
        D:3 |      48 |       0 |   0.0 |      16 |       0 |   0.0
            +---------+---------+-------+---------+---------+-------
